AoeStats
← JUANCA FORT

MegaRandom

508205621Analyzed
3v3 RM · 9d ago on Sep 21, 2026· 34m 41s· 6 players
Game mode
Random Map
Map size
Normal (6 player)
Population
200
Speed
Normal
Resources
Standard
Victory
Conquest
Starting age
Dark Age
Ending age
Imperial Age
RankedLock teamsTeams togetherTeam positionsShared explorationLock speedFull tech treeHidden civsTurbo modeCheats
Victory
Defeat
🇦🇷 Goths · Argentina
1061
+12
🇨🇿 Japanese · Czechia
1053
+12
🇹🇼 Magyars · Taiwan
1030
+13
🇨🇳 Bulgarians · China
984
-13
🇨🇳 Teutons · China
980
-12
🇨🇳 Vietnamese · China
960
-12
JUANCA FORT
0:27 Loom
11:30 Feudal Age
11:34 Man-at-Arms
12:08 Double-Bit Axe
16:38 Wheelbarrow
17:28 Scale Mail Armor
18:18 Forging
23:50 Castle Age
22:43 Gold Mining
24:06 Long Swordsman
24:49 Squires
25:07 Chain Mail Armor
27:54 Bow Saw
28:21 Pikeman
34:05 Iron Casting
deusex
9:31 Loom
11:33 Feudal Age
12:25 Double-Bit Axe
12:23 Fishing Lines
18:04 Fletching
20:45 Castle Age
20:03 Horse Collar
20:53 Crossbowman
23:09 Bow Saw
23:45 Bodkin Arrow
27:35 Medium Warships
27:56 Heavy Plow
28:11 Forging
28:01 Scale Mail Armor
33:22 Wheelbarrow
33:33 Gold Mining
tyshuff
12:43 Feudal Age
13:41 Double-Bit Axe
20:05 Castle Age
18:28 Horse Collar
20:37 Pikeman
22:23 Heavy Plow
23:40 Bow Saw
23:43 Loom
26:56 Fishing Lines
29:15 Stone Mining
34:18 Imperial Age
32:26 Wheelbarrow
33:46 Scale Barding Armor
34:01 Scale Mail Armor
YB88898
0:37 Loom
11:47 Feudal Age
13:08 Double-Bit Axe
27:12 Castle Age
26:11 Forging
26:43 Scale Barding Armor
27:44 Horse Collar
taokill2025
13:15 Feudal Age
17:53 Castle Age
16:13 Double-Bit Axe
16:24 Stone Mining
16:46 Horse Collar
18:10 Gold Mining
18:11 Stone Mining
20:48 Loom
22:20 Bloodlines
22:23 Scale Barding Armor
25:16 Bloodlines
28:12 Wheelbarrow
29:32 Chain Barding Armor
31:21 Bow Saw
31:36 Fletching
31:49 Padded Archer Armor
31:49 Pikeman
*****Hou
12:14 Feudal Age
12:44 Double-Bit Axe
23:49 Castle Age
21:45 Horse Collar
22:18 Gold Mining
22:20 Stone Mining
23:22 Loom
24:15 Wheelbarrow
24:42 Medium Warships
25:36 Gold Shaft Mining
25:39 Stone Shaft Mining
25:32 Heavy Plow
25:49 Bow Saw
25:33 Fishing Lines
28:18 Forging
28:14 Scale Barding Armor
31:19 Fletching
Connection lost

Rejoining the realm…

Still unreachable

The connection could not be restored.

Session expired

The server has moved on; the page needs a fresh start.